Map: Ruby Rock LE

Players

BigMann

  • Race: Terran Terran
  • League: Diamond
  • Spawn Location: 5:00

HoldTheDoor - Winner!

  • Race: Protoss Protoss
  • League: Diamond
  • Spawn Location: 11:00

VOD

Have the link to the VOD?

Description

Time

  • Played on: May 11, 2026, 11:59 a.m.
  • Length: 14:50
Show
View Real Time Build Order
Export as new Build Order

BigMann Terran 

Build Orders:  

Get SALT Encoding   

  12  0:00  SCV  
  13  0:12  SCV  
  14  0:16  Supply Depot  
  14  0:24  SCV  
  15  0:38  SCV  
  15  0:39  Barracks  
  16  0:44  Refinery  
  16  0:50  SCV  
  17  1:03  SCV  
  18  1:15  SCV  
  19  1:27  Marine, Orbital Command  
  20  1:52  Command Center  
  20  1:56  SCV  
  21  2:04  Supply Depot  
  21  2:06  Marine  
  22  2:10  SCV  
  23  2:21  Factory  
  23  2:26  SCV  
  24  2:33  Barracks Reactor  
  24  2:34  Barracks  
  24  2:38  SCV  
  25  2:50  SCV  
  25  2:51  Bunker  
  26  2:56  Refinery  
  26  3:02  SCV  
  26  3:04  Orbital Command  
  27  3:08  Factory Tech Lab  
  27  3:14  Starport  
  27  3:22  SCV  
  27  3:24  Marine  
  29  3:28  Barracks Tech Lab  
  29  3:32  SCV  
  30  3:34  SCV  
  31  3:43  Marine x2  
  31  3:44  Supply Depot, SCV  
  31  3:47  Stimpack  
  34  3:48  Marine  
  34  3:50  Starport Reactor  
  34  3:54  SCV  
  36  3:57  SCV  
  36  4:01  Marine  
  38  4:04  Marine  
  38  4:06  Marine  
  38  4:09  Siege Tank  
  43  4:18  Barracks, Marine  
  43  4:20  SCV x2  
  43  4:22  Marine  
  43  4:24  Marine  
  48  4:32  SCV x2  
  48  4:34  Medivac  
  48  4:36  Marine  
  53  4:39  Supply Depot  
  53  4:40  Marine  
  53  4:44  SCV, Supply Depot  
  54  4:53  Factory Reactor  
  54  5:01  Marine x2, Medivac, SCV x2  
  54  5:03  Supply Depot  
  60  5:07  Supply Depot  
  60  5:13  SCV x2  
  62  5:17  Refinery  
  62  5:18  Refinery  
  62  5:21  Marauder  
  62  5:22  Marine x2, Marauder  
  62  5:25  SCV  
  62  5:27  Medivac  
  71  5:29  SCV  
  72  5:37  SCV  
  72  5:39  Engineering Bay, Marine x2  
  72  5:41  SCV  
  72  5:42  Widow Mine x2, Marine x2  
  80  5:46  Supply Depot  
  80  5:49  Supply Depot, SCV  
  83  5:57  Marine x2  
  83  6:00  Marine  
  86  6:08  Marine, Medivac x2  
  86  6:09  Widow Mine  
  95  6:11  Widow Mine  
  95  6:13  Supply Depot  
  95  6:15  Marine x2  
  95  6:16  Supply Depot  
  95  6:17  Terran Infantry Weapons Level 1  
  97  6:19  Marauder  
  97  6:22  SCV  
  97  6:23  SCV  
  101  6:26  Marine  
  101  6:33  Marine  
  101  6:34  Marine  
  101  6:35  SCV  
  101  6:39  Marine  
  104  6:43  Widow Mine x2, Medivac x2, Marine  
  113  6:50  Supply Depot x2  
  113  6:51  Marine  
  113  6:52  Marine  
  115  6:58  Marauder  
  117  7:01  Marine  
  117  7:08  Command Center  
  118  7:11  Marine x2  
  118  7:12  Widow Mine x2  
  118  7:14  Supply Depot  
  124  7:18  Supply Depot  
  124  7:19  Marine x2  
  126  7:29  Marine x2  
  128  7:36  Marine  
  129  7:37  Marine  
  129  7:39  Missile Turret  
  129  7:42  Missile Turret  
  130  7:46  Supply Depot  
  130  7:47  Marine x2  
  130  7:48  Supply Depot  
  130  7:49  SCV x2  
  134  7:54  Marine  
  134  7:55  Marauder  
  137  8:05  Marine x2  
  121  8:13  Marauder  
  121  8:15  Widow Mine x2  
  121  8:16  Marine  
  121  8:17  Viking x2  
  122  8:23  Marine x2  
  124  8:33  Barracks, Marine  
  125  8:34  Marine, Barracks  
  125  8:36  Armory  
  125  8:38  Barracks  
  125  8:40  Terran Infantry Armor Level 1  
  125  8:42  Engineering Bay  
  125  8:45  SCV x2  
  125  8:48  Factory Tech Lab  
  128  8:50  Viking  
  128  8:51  Viking  
  131  8:55  Orbital Command  
  131  8:57  SCV  
  132  9:11  Marauder x2  
  132  9:13  Siege Tank  
  139  9:26  Barracks Tech Lab x2  
  139  9:29  Marine x2  
  139  9:31  Combat Shield  
  141  9:32  Concussive Shells, Marauder x2  
  141  9:34  Terran Infantry Weapons Level 2  
  141  9:37  SCV x2  
  141  9:38  SCV  
  148  9:47  Marine x2  
  148  9:49  SCV  
  148  9:50  SCV  
  152  9:53  Viking x2  
  152  9:54  Marauder x2  
  152  9:55  Marauder x2  
  164  10:03  Refinery  
  164  10:04  Refinery  
  164  10:12  Siege Tank  
  164  10:13  Marine x2  
  169  10:15  Marine, Marauder  
  169  10:16  Marine x2  
  174  10:22  Supply Depot x2, SCV x2  
  174  10:23  Viking x2, SCV  
  181  10:43  Marine x6  
  181  10:44  Ghost Academy, SCV  
  181  10:45  Supply Depot  
  188  10:53  Medivac x2  
  192  11:00  Command Center  
  192  11:02  Marauder x2  
  196  11:07  Marine x4, Command Center  
  196  11:09  Supply Depot  
  200  11:16  Barracks  
  200  11:18  Factory  
  199  11:23  Medivac  
  199  11:25  Marine x8  
  155  11:32  Supply Depot  
  119  11:37  Siege Tank  
  108  11:43  Marine x8  
  109  12:01  Marine x5  
  104  12:02  Marauder x3  
  109  12:09  Siege Tank, Marine  
  109  12:15  Planetary Fortress  
  113  12:17  Refinery  
  113  12:18  Marine  
  113  12:19  Marine x2, Marauder  
  113  12:21  Refinery  
  118  12:23  Marauder x2  
  118  12:25  Marauder  
  121  12:41  Marauder, Siege Tank  
  126  12:44  Marauder x2  
  126  12:46  Ghost  
  132  13:01  Ghost  
  134  13:06  Ghost x2  
  134  13:07  Marine x5  
  138  13:14  Ghost  
  140  13:24  Marine  
  140  13:25  Marine x4  
  145  13:27  Command Center  
  145  13:37  Command Center  
  131  14:03  Marine  
  131  14:04  Marine x8  
  113  14:21  Marine x5  
  113  14:22  Marine x3  
  121  14:26  Marine  
Show
View Real Time Build Order
Export as new Build Order

HoldTheDoor Protoss - Winner!

Build Orders: 1 Gate Expand, Colossus Rush 

Get SALT Encoding   

  12  0:00  Probe  
  13  0:12  Probe  
  14  0:17  Pylon  
  14  0:23  Probe  
  15  0:31  Probe  
  15  0:38  Gateway  
  15  0:40  Probe  
  16  0:48  Assimilator  
  17  0:50  Probe  
  18  1:01  Pylon  
  18  1:03  Probe  
  19  1:15  Probe  
  20  1:28  Nexus  
  20  1:35  Cybernetics Core  
  20  1:39  Probe  
  21  1:47  Assimilator  
  21  1:51  Probe  
  21  1:54  Pylon  
  22  2:02  Adept  
  22  2:04  Probe  
  23  2:13  Warp Gate  
  25  2:19  Shield Battery, Probe  
  26  2:32  Probe  
  26  2:34  Sentry  
  29  2:41  Probe  
  29  2:44  Probe  
  31  2:46  Pylon  
  31  2:54  Probe  
  31  2:56  Probe  
  33  2:58  Robotics Facility  
  33  3:06  Probe  
  33  3:08  Probe  
  35  3:18  Probe, Gateway  
  36  3:20  Probe  
  36  3:22  Gateway  
  36  3:25  Pylon  
  37  3:30  Probe  
  37  3:33  Probe  
  39  3:42  Probe  
  39  3:47  Assimilator  
  39  3:48  Immortal  
  44  3:55  Robotics Bay  
  44  3:57  Probe  
  44  3:58  Probe, Pylon  
  44  4:02  Pylon  
  46  4:06  Forge  
  46  4:09  Probe  
  47  4:10  Probe  
  47  4:16  Stalker  
  50  4:19  Sentry  
  50  4:21  Probe, Zealot  
  50  4:22  Probe  
  56  4:28  Pylon  
  56  4:33  Probe  
  56  4:34  Probe  
  56  4:35  Observer  
  56  4:38  Assimilator  
  59  4:46  Probe  
  59  4:49  Pylon  
  59  4:50  Probe, Shield Battery  
  59  4:52  Zealot x2  
  63  4:53  Zealot  
  69  5:07  Probe x2  
  69  5:09  Colossus  
  69  5:15  Gateway  
  69  5:16  Gateway  
  69  5:18  Pylon  
  69  5:19  Probe  
  69  5:20  Protoss Ground Weapons Level 1  
  76  5:25  Stargate  
  76  5:32  Zealot  
  76  5:33  Zealot x2  
  76  5:35  Extended Thermal Lance  
  82  5:38  Twilight Council  
  82  5:56  Zealot x3  
  88  6:06  Gateway  
  88  6:09  Pylon  
  88  6:10  Colossus  
  94  6:15  Phoenix  
  57  6:40  Phoenix  
  96  6:43  Charge  
  98  6:50  Nexus  
  98  6:51  Pylon  
  98  6:53  Pylon  
  98  6:56  Pylon  
  98  6:59  Zealot x5  
  98  7:00  Phoenix  
  108  7:05  Protoss Ground Armor Level 1  
  110  7:10  Templar Archives  
  110  7:14  Photon Cannon  
  110  7:16  Probe  
  110  7:17  Pylon, Probe  
  112  7:30  Zealot x4  
  120  7:40  Colossus  
  126  7:56  Zealot  
  126  7:57  Zealot x4  
  122  8:15  Stalker  
  122  8:22  Stalker x5  
  132  8:29  Phoenix  
  132  8:31  Probe x2  
  132  8:33  Probe  
  137  8:39  Shield Battery  
  137  8:42  Photon Cannon  
  137  8:47  Photon Cannon  
  137  8:48  High Templar  
  137  8:49  High Templar x2  
  137  8:54  Probe  
  147  9:00  Probe  
  148  9:06  Photon Cannon  
  148  9:09  Pylon  
  148  9:12  Photon Cannon  
  148  9:15  Photon Cannon  
  148  9:21  Protoss Ground Armor Level 2  
  148  9:22  Phoenix  
  147  9:25  Assimilator  
  147  9:29  Assimilator  
  147  9:31  Photon Cannon  
  147  9:33  Photon Cannon, Pylon  
  147  9:36  Shield Battery  
  147  9:39  Shield Battery  
  147  9:41  Pylon  
  147  9:50  High Templar x2  
  147  9:51  High Templar  
  153  9:54  Archon  
  153  9:57  High Templar  
  153  9:58  Zealot x2  
  159  10:01  Archon  
  159  10:14  Pylon  
  159  10:16  Gateway  
  159  10:17  Gateway  
  159  10:18  Gateway  
  159  10:19  Gateway  
  159  10:22  Pylon  
  159  10:25  Robotics Facility  
  159  10:27  Robotics Facility  
  159  10:29  Photon Cannon  
  159  10:31  Observer  
  159  10:33  Phoenix  
  162  10:38  Zealot  
  162  10:39  Zealot x5  
  174  10:43  Probe  
  175  10:50  Dark Shrine  
  175  10:52  Pylon  
  175  11:00  Probe x2  
  183  11:12  Immortal  
  143  11:29  Stalker x7  
  127  11:42  Stalker x2  
  127  11:43  Stalker  
  131  12:15  Zealot x3  
  133  12:16  Zealot x7  
  151  12:45  Stalker x5  
  151  12:46  Stalker x5  
  149  13:09  High Templar x4  
  149  13:10  High Templar x4  
  163  13:14  Archon x2  
  163  13:17  Archon  
  163  13:22  Nexus  
  163  13:25  Pylon  
  163  13:28  Pylon  
  163  13:31  Pylon  
  163  13:33  Photon Cannon  
  163  13:34  Photon Cannon  
  163  13:35  Pylon  
  163  13:36  Photon Cannon  
  163  13:38  Pylon  
  163  13:43  High Templar x4  
  163  13:47  Archon x2  
  101  14:12  Zealot x5  
  101  14:13  Zealot  
  119  14:30  Pylon  
  115  14:43  Stalker x4  
  115  14:44  Stalker x2  
Tags
 
Add a new tag
Caveats
  • Supply blocks, unpowered buildings, or Contaminate may cause inaccurate times.
  • Supply counts are checked every 10 seconds.